Gangsters vs Punishers

Created - 21 décembre 2012 at 23:26

Goals
1 2 3 T
Gangsters 2 0 3 5
Punishers 1 2 4 7
Shots
1 2 3 T
Gangsters 4 10 18 32
Punishers 13 10 19 42

1st period

1. Gangsters , Byron Ritchie 7 (Tim Jackman, Chris Bourque) at 7:17 (PP)
2. Gangsters , Patric Hornqvist 20 (Josh Gorges) at 9:58
3. Punishers , Mike Grier 10 (Dave Bolland, Viktor Stalberg) at 10:10

Penalties :
Chris Conner (Pro) for High sticking (Minor) at 6:40, Chris Conner (Pro) for High sticking (Minor) at 15:09

2nd period

4. Punishers , Alyn McCauley 4 (Jassen Cullimore, Chris Conner) at 8:40
5. Punishers , Mike Grier 11 (Dave Bolland, Viktor Stalberg) at 12:35

Penalties :
Mike Blunden (Pro) for Holding (Minor) at 1:20, Ville Koistinen (Bro) for Roughing (Minor) at 1:20, Kris Chucko (Pro) for Cross-checking (Minor) at 3:42, Ryan Keller (Bro) for Hooking (Minor) at 3:42, Dave Steckel (Bro) for Hooking (Minor) at 16:06

3rd period

6. Punishers , Mike Grier 12 (Dave Bolland, Viktor Stalberg) at 0:18
7. Punishers , Jimmie Olvestad 9 (Alyn McCauley, Chris Conner) at 3:32
8. Gangsters , Jaroslav Balastik 17 (Dave Steckel, Patric Hornqvist) at 3:44
9. Gangsters , Artem Anisimov 2 (Ville Koistinen, Staffan Kronwall) at 9:35
10. Punishers , Dave Bolland 4 (Mike Grier, Jassen Cullimore) at 11:33
11. Gangsters , Ryan Keller 4 (James Van Riemsdyk, Shaun Heska) at 12:28
12. Punishers , Jimmie Olvestad 10 (Jean-Luc Grand-Pierre, Alyn McCauley) at 13:23

Penalties :
Viktor Stalberg (Pro) for Hooking (Minor) at 14:38, Shaun Heska (Bro) for Holding (Minor) at 17:56

Goalie Stats

Steve Valiquette (Bro), 35 saves from 42 shots - (0,833), L, 6-6-1, 60:00 minutes
Karri Ramo (Pro), 27 saves from 32 shots - (0,844), W, 7-5-1, 60:00 minutes

Players Stats for Gangsters

Player Name              G  A  P  +/- PIM S  H  SB GA TA FO     MP     PP MP  PK MP  
------------------------------------------------------------------------------------
Alexandre Bolduc         0  0  0   0  0   0  0  0  0  0  0/0     0:41   0:00   0:41 
Alexei Emelin            0  0  0   2  0   0  2  3  0  0  0/0    20:35   2:06   1:39 
Artem Anisimov           1  0  1   2  0   1  0  0  0  0  0/2     9:32   0:00   0:00 
Brandon Sutter           0  0  0   0  0   1  1  0  0  0  3/4     8:31   0:00   0:12 
Brock Bradford           0  0  0   0  0   0  0  0  0  0  0/0     0:00   0:00   0:00 
Bryan Young              0  0  0   1  0   0  0  0  0  0  0/0     5:41   0:13   0:53 
Byron Ritchie            1  0  1  -5  0   4  3  0  1  1  6/15   17:16   1:59   0:38 
Chris Bourque            0  1  1  -5  0   2  2  1  0  0  0/0    16:08   1:59   0:59 
Dave Steckel             0  1  1   0  2   3  2  1  1  0  10/35  21:54   2:36   1:03 
Igor Radulov             0  0  0   0  0   0  0  0  0  0  0/0     0:12   0:00   0:12 
James Van Riemsdyk       0  1  1   2  0   1  0  0  0  0  0/1    11:36   0:00   1:24 
Jaroslav Balastik        1  0  1   0  0   3  3  0  0  0  1/1    20:36   2:36   0:38 
Jim Vandermeer           0  0  0   0  0   0  0  0  0  0  0/0     0:00   0:00   0:00 
Josh Gorges              0  1  1  -2  0   3  0  1  0  1  0/0    28:45   2:29   2:19 
Matt Read                0  0  0   0  0   3  0  0  0  1  0/0     9:08   0:00   0:00 
Mike Commodore           0  0  0   1  0   0  0  1  0  0  0/0     4:11   0:13   0:00 
Mikko Lehtonen           0  0  0   0  0   0  0  0  0  0  0/0     0:00   0:00   0:00 
Nick Foligno             0  0  0   0  0   0  0  0  0  0  0/1     8:19   0:00   0:00 
Patric Hornqvist         1  1  2   0  0   5  0  0  0  1  2/8    22:44   2:36   2:09 
Ryan Jones               0  0  0   0  0   0  0  0  0  0  0/0     0:00   0:00   0:00 
Ryan Keller              1  0  1   2  2   2  0  0  0  1  0/1    10:10   0:00   0:00 
Shaun Heska              0  1  1  -3  2   0  0  1  0  0  0/0    14:21   0:00   0:46 
Staffan Kronwall         0  1  1  -2  0   1  3  1  0  1  0/0    28:45   2:29   2:19 
Tim Jackman              0  1  1  -5  0   0  4  0  1  0  0/0    15:09   1:59   0:00 
Ville Koistinen          0  1  1  -3  2   3  1  0  0  1  0/0    17:46   1:40   0:00 

Players Stats for Punishers

Player Name              G  A  P  +/- PIM S  H  SB GA TA FO     MP     PP MP  PK MP  
------------------------------------------------------------------------------------
Adam McQuaid             0  0  0   0  0   1  0  0  0  0  0/0    10:24   0:00   0:00 
Adam Pineault            0  0  0  -2  0   2  2  0  0  0  0/0    10:39   0:00   0:00 
Alyn McCauley            1  2  3   2  0   6  2  0  0  0  12/15  19:02   1:53   2:31 
Chris Conner             0  2  2   2  4   1  0  1  1  0  1/1    15:47   1:53   0:18 
Dave Bolland             1  3  4   3  0   6  3  0  0  1  20/32  20:37   2:05   0:11 
Jason Gregoire           0  0  0   0  0   0  1  0  0  0  0/0     6:47   0:00   0:00 
Jassen Cullimore         0  2  2   2  0   1  2  5  0  0  0/0    29:44   2:39   3:14 
Jean-Luc Grand-Pierre    0  1  1   1  0   1  1  0  1  1  0/0    19:52   1:19   1:21 
Jean-Michel Daoust       0  0  0   0  0   0  0  0  0  0  0/0     0:00   0:00   0:00 
Jimmie Olvestad          2  0  2   2  0   6  2  0  1  0  2/2    17:40   2:05   1:42 
Kris Chucko              0  0  0  -2  2   1  1  0  1  0  0/1    11:32   0:00   0:26 
Marc-André Bergeron      0  0  0   2  0   5  2  2  0  0  0/0    26:51   2:39   3:14 
Mike Blunden             0  0  0   0  2   1  1  0  0  0  0/0     6:47   0:00   0:00 
Mike Grier               3  1  4   3  0   5  4  0  1  0  4/5    21:59   2:05   2:53 
Mike Weber               0  0  0   0  0   0  0  0  0  0  0/0    10:24   0:00   0:00 
Pavel Valentenko         0  0  0   0  0   0  0  0  0  0  0/0     2:53   0:00   0:00 
Petteri Nokelainen       0  0  0  -2  0   1  0  1  1  0  4/5    11:37   0:00   0:00 
Ryan White               0  0  0   0  0   2  0  0  0  0  2/4     8:38   0:00   1:09 
Stu Bickel               0  0  0   1  0   0  1  1  0  0  0/0    19:52   1:19   1:21 
Viktor Stalberg          0  3  3   3  2   3  0  1  1  1  1/3    20:17   1:53   0:00 

3 Stars

1 - Mike Grier (Pro)
2 - Dave Bolland (Pro)
3 - Alyn McCauley (Pro)

Power Play

Gangsters - 1 on 3 Attempt(s) - 33,33%
Punishers - 0 on 2 Attempt(s) - 0,00%

Penalty Kill

Gangsters - 2 on 2 Attempt(s) - 100,00% - Score 0 goal in Penalty Kill
Punishers - 2 on 3 Attempt(s) - 66,67% - Score 0 goal in Penalty Kill

Official

Referees : Rooney Chris and Dwyer Gord
Linesman : Vaughan Rody and Tony Sericolo

Game Notes

Mike Commodore is injured at 13:50 of 1st period (Back Spasms)
Mike Grier has scored a Hat Trick!

Gangsters

5 vs 5 Forward 
   Center                   Left Wing                Right Wing               Time % Phy DF OF 
 1 Dave Steckel             Jaroslav Balastik        Patric Hornqvist         40     1   2  2  
 2 Byron Ritchie            Chris Bourque            Tim Jackman              30     1   2  2  
 3 Artem Anisimov           James Van Riemsdyk       Ryan Keller              20     1   2  2  
 4 Brandon Sutter           Nick Foligno             Matt Read                10     1   2  2  

5 vs 5 Defense 
   Defense                  Defense                                           Time % Phy DF OF 
 1 Staffan Kronwall         Josh Gorges                                       40     1   2  2  
 2 Mike Commodore           Alexei Emelin                                     30     1   2  2  
 3 Ville Koistinen          Shaun Heska                                       20     1   2  2  
 4 Staffan Kronwall         Josh Gorges                                       10     1   2  2  

PowerPlay Forward 
   Center                   Left Wing                Right Wing               Time % Phy DF OF 
 1 Dave Steckel             Jaroslav Balastik        Patric Hornqvist         60     1   2  2  
 2 Byron Ritchie            Chris Bourque            Tim Jackman              40     1   2  2  

PowerPlay Defense
   Defense                  Defense                                           Time % Phy DF OF 
 1 Staffan Kronwall         Josh Gorges                                       60     1   2  2  
 2 Mike Commodore           Alexei Emelin                                     40     1   2  2  

Penalty Kill 4 Players Forward 
   Center                   Wing                     Time % Phy DF OF 
 1 Patric Hornqvist         Dave Steckel             60     1   2  2  
 2 Byron Ritchie            Jaroslav Balastik        40     1   2  2  

Penalty Kill 4 Players Defense
   Defense                  Defense                  Time % Phy DF OF 
 1 Staffan Kronwall         Josh Gorges              60     1   2  2  
 2 Mike Commodore           Alexei Emelin            40     1   2  2  

Penalty Kill - 3 Players Forward 
   Forward                                           Time % Phy DF OF 
 1 Patric Hornqvist                                  60     1   2  2  
 2 Dave Steckel                                      40     1   2  2  

Penalty Kill - 3 Players Defense
   Defense                  Defense                  Time % Phy DF OF 
 1 Staffan Kronwall         Josh Gorges              60     1   2  2  
 2 Mike Commodore           Alexei Emelin            40     1   2  2  

4 vs 4 Forward 
   Center                   Wing                     Time % Phy DF OF 
 1 Patric Hornqvist         Dave Steckel             60     1   2  2  
 2 Byron Ritchie            Jaroslav Balastik        40     1   2  2  

4 vs 4 Defense
   Defense                  Defense                  Time % Phy DF OF 
 1 Staffan Kronwall         Josh Gorges              60     1   2  2  
 2 Mike Commodore           Alexei Emelin            40     1   2  2  

Last Minutes Offensive
   Center                   Left Wing                Right Wing               Defense                  Defense                  
   Dave Steckel             Jaroslav Balastik        Patric Hornqvist         Staffan Kronwall         Josh Gorges              

Last Minutes Defensive
   Center                   Left Wing                Right Wing               Defense                  Defense                  
   Dave Steckel             Jaroslav Balastik        Patric Hornqvist         Staffan Kronwall         Josh Gorges              

Goaltenders
Starting : Steve Valiquette         
Backup : David LeNeveu            

Extra Forwards
Normal : Ryan Keller, Matt Read, James Van Riemsdyk - PP : Ryan Keller, Matt Read - PK : James Van Riemsdyk
Extra Defensemen
Normal : Ville Koistinen, Shaun Heska, Mike Commodore - PP : Ville Koistinen - PK : Shaun Heska, Mike Commodore
Penalty Shots
Patric Hornqvist, Dave Steckel, Byron Ritchie, Jaroslav Balastik, Tim Jackman

Punishers

5 vs 5 Forward 
   Center                   Left Wing                Right Wing               Time % Phy DF OF 
 1 Dave Bolland             Viktor Stalberg          Mike Grier               40     1   2  2  
 2 Alyn McCauley            Jimmie Olvestad          Chris Conner             30     1   2  2  
 3 Petteri Nokelainen       Kris Chucko              Adam Pineault            20     1   2  2  
 4 Ryan White               Jason Gregoire           Mike Blunden             10     1   2  2  

5 vs 5 Defense 
   Defense                  Defense                                           Time % Phy DF OF 
 1 Jassen Cullimore         Marc-André Bergeron                               40     1   2  2  
 2 Jean-Luc Grand-Pierre    Stu Bickel                                        30     1   2  2  
 3 Mike Weber               Adam McQuaid                                      20     1   2  2  
 4 Pavel Valentenko         Jassen Cullimore                                  10     1   2  2  

PowerPlay Forward 
   Center                   Left Wing                Right Wing               Time % Phy DF OF 
 1 Dave Bolland             Jimmie Olvestad          Mike Grier               60     1   2  2  
 2 Alyn McCauley            Viktor Stalberg          Chris Conner             40     1   2  2  

PowerPlay Defense
   Defense                  Defense                                           Time % Phy DF OF 
 1 Jassen Cullimore         Marc-André Bergeron                               60     1   2  2  
 2 Jean-Luc Grand-Pierre    Stu Bickel                                        40     1   2  2  

Penalty Kill 4 Players Forward 
   Center                   Wing                     Time % Phy DF OF 
 1 Mike Grier               Alyn McCauley            60     1   2  2  
 2 Jimmie Olvestad          Chris Conner             40     1   2  2  

Penalty Kill 4 Players Defense
   Defense                  Defense                  Time % Phy DF OF 
 1 Jassen Cullimore         Marc-André Bergeron      60     1   2  2  
 2 Jean-Luc Grand-Pierre    Stu Bickel               40     1   2  2  

Penalty Kill - 3 Players Forward 
   Forward                                           Time % Phy DF OF 
 1 Petteri Nokelainen                                60     1   2  2  
 2 Alyn McCauley                                     40     1   2  2  

Penalty Kill - 3 Players Defense
   Defense                  Defense                  Time % Phy DF OF 
 1 Jassen Cullimore         Marc-André Bergeron      60     1   2  2  
 2 Jean-Luc Grand-Pierre    Stu Bickel               40     1   2  2  

4 vs 4 Forward 
   Center                   Wing                     Time % Phy DF OF 
 1 Dave Bolland             Viktor Stalberg          60     1   2  2  
 2 Alyn McCauley            Mike Grier               40     1   2  2  

4 vs 4 Defense
   Defense                  Defense                  Time % Phy DF OF 
 1 Jassen Cullimore         Marc-André Bergeron      60     1   2  2  
 2 Jean-Luc Grand-Pierre    Stu Bickel               40     1   2  2  

Last Minutes Offensive
   Center                   Left Wing                Right Wing               Defense                  Defense                  
   Dave Bolland             Viktor Stalberg          Mike Grier               Jassen Cullimore         Marc-André Bergeron      

Last Minutes Defensive
   Center                   Left Wing                Right Wing               Defense                  Defense                  
   Alyn McCauley            Jimmie Olvestad          Chris Conner             Jassen Cullimore         Marc-André Bergeron      

Goaltenders
Starting : Karri Ramo               
Backup : Curtis McElhinney        

Extra Forwards
Normal : Petteri Nokelainen, Kris Chucko, Ryan White - PP : Petteri Nokelainen, Kris Chucko - PK : Ryan White
Extra Defensemen
Normal : Mike Weber, Adam McQuaid, Pavel Valentenko - PP : Mike Weber - PK : Adam McQuaid, Pavel Valentenko
Penalty Shots
Viktor Stalberg, Mike Grier, Jimmie Olvestad, Chris Conner, Alyn McCauley

% Time on Ice - Gangsters

Lines # - Real PCT - Wanted PCT - Time Play
Normal Forward
1 - 34% - 40% - 16:22
2 - 28% - 30% - 13:16
3 - 20% - 20% - 9:32
4 - 18% - 10% - 8:19
Normal Defense
1 - 40% - 40% - 19:12
2 - 34% - 30% - 15:56
3 - 20% - 20% - 9:23
4 - 6% - 10% - 2:58
PP Forward
1 - 57% - 60% - 2:36
2 - 43% - 40% - 1:59
PP Defense
1 - 54% - 60% - 2:29
2 - 46% - 40% - 2:06
PK Forward
1 - 84% - 60% - 3:20
2 - 16% - 40% - 0:38
PK Defense
1 - 58% - 60% - 2:19
2 - 42% - 40% - 1:39
PK3 Forward
1 - 0% - 60%
2 - 0% - 40%
PK3 Defense
1 - 0% - 60%
2 - 0% - 40%
44 Forward
1 - 65% - 60% - 2:35
2 - 35% - 40% - 1:23
44 Defense
1 - 45% - 60% - 1:47
2 - 55% - 40% - 2:11
Last Minute Offensive  - 0:00
Last Minute Defensive  - 0:00
Total
Forward - 60:00
Defense - 60:00

% Time on Ice - Punishers

Lines # - Real PCT - Wanted PCT - Time Play
Normal Forward
1 - 35% - 40% - 16:26
2 - 29% - 30% - 13:37
3 - 22% - 20% - 10:39
4 - 14% - 10% - 6:47
Normal Defense
1 - 39% - 40% - 18:45
2 - 33% - 30% - 15:27
3 - 22% - 20% - 10:24
4 - 6% - 10% - 2:53
PP Forward
1 - 53% - 60% - 2:05
2 - 47% - 40% - 1:53
PP Defense
1 - 67% - 60% - 2:39
2 - 33% - 40% - 1:19
PK Forward
1 - 76% - 60% - 3:30
2 - 24% - 40% - 1:05
PK Defense
1 - 71% - 60% - 3:14
2 - 29% - 40% - 1:21
PK3 Forward
1 - 0% - 60%
2 - 0% - 40%
PK3 Defense
1 - 0% - 60%
2 - 0% - 40%
44 Forward
1 - 74% - 60% - 2:57
2 - 26% - 40% - 1:01
44 Defense
1 - 56% - 60% - 2:13
2 - 44% - 40% - 1:45
Last Minute Offensive  - 0:00
Last Minute Defensive  - 0:00
Total
Forward - 60:00
Defense - 60:00

Play by Play

1st period


0:01 of 1st period - Dave Bolland wins face-off versus Dave Steckel in neutral zone.
0:06 of 1st period - Snap shot by Dave Bolland.
0:06 of 1st period - Stopped by Steve Valiquette with a rebound.
0:08 of 1st period - Snap shot by Viktor Stalberg.
0:08 of 1st period - Stopped by Steve Valiquette with a rebound.
0:26 of 1st period - Jimmie Olvestad is hit by Staffan Kronwall and loses puck.
0:34 of 1st period - Off-side.
0:35 of 1st period - Petteri Nokelainen wins face-off versus Ryan Keller in neutral zone.
0:48 of 1st period - Snap shot by Petteri Nokelainen.
0:48 of 1st period - Shot Misses the Net.
0:50 of 1st period - Snap shot by Adam Pineault.
0:50 of 1st period - Stopped by Steve Valiquette with a rebound.
1:24 of 1st period - Snap shot by Jaroslav Balastik.
1:24 of 1st period - Shot Blocked by Viktor Stalberg.
2:02 of 1st period - Shaun Heska is hit by Mike Grier.
2:30 of 1st period - Slapshot by Staffan Kronwall.
2:30 of 1st period - Deflect By Alyn McCauley.
2:30 of 1st period - Stopped by Karri Ramo without a rebound.
2:31 of 1st period - Alyn McCauley wins face-off versus Dave Steckel in Punishers zone.
2:36 of 1st period - Josh Gorges is hit by Marc-André Bergeron and loses puck.
3:59 of 1st period - Icing by Jassen Cullimore.
4:00 of 1st period - Petteri Nokelainen wins face-off versus Dave Steckel in Punishers zone.
4:07 of 1st period - Backhand shot by Adam Pineault.
4:07 of 1st period - Stopped by Steve Valiquette with a rebound.
4:31 of 1st period - Tim Jackman is hit by Mike Grier and loses puck.
4:57 of 1st period - Off-side.
4:58 of 1st period - Dave Steckel wins face-off versus Viktor Stalberg in neutral zone.
5:23 of 1st period - Jean-Luc Grand-Pierre is hit by Tim Jackman and loses puck.
5:52 of 1st period - Snap shot by Adam Pineault.
5:52 of 1st period - Shot Misses the Net.
6:32 of 1st period - Snap shot by Patric Hornqvist.
6:32 of 1st period - Stopped by Karri Ramo without a rebound.
6:33 of 1st period - Alyn McCauley wins face-off versus Byron Ritchie in Punishers zone.
6:33 of 1st period - Alyn McCauley is hit by Tim Jackman.
6:40 of 1st period - Minor Penalty to Chris Conner for High sticking.
6:41 of 1st period - Mike Grier wins face-off versus Dave Steckel in Punishers zone.
7:09 of 1st period - Wrist shot by Tim Jackman.
7:09 of 1st period - Shot Misses the Net.
7:17 of 1st period - Wrist shot by Tim Jackman.
7:17 of 1st period - Deflect By Byron Ritchie.
7:17 of 1st period - Goal by Byron Ritchie - Gangsters : 1 - Punishers : 0.
7:18 of 1st period - Petteri Nokelainen wins face-off versus Dave Steckel in neutral zone.
7:50 of 1st period - Wrist shot by Dave Bolland.
7:50 of 1st period - Shot Misses the Net.
7:56 of 1st period - Snap shot by Ryan Keller.
7:56 of 1st period - Shot Misses the Net.
9:07 of 1st period - Icing by Shaun Heska.
9:08 of 1st period - Dave Bolland wins face-off versus Nick Foligno in Gangsters zone.
9:30 of 1st period - Icing by Ville Koistinen.
9:31 of 1st period - Alyn McCauley wins face-off versus Dave Steckel in Gangsters zone.
9:32 of 1st period - Snap shot by Jimmie Olvestad.
9:32 of 1st period - Stopped by Steve Valiquette with a rebound.
9:34 of 1st period - Snap shot by Alyn McCauley.
9:34 of 1st period - Stopped by Steve Valiquette without a rebound.
9:35 of 1st period - Alyn McCauley wins face-off versus Dave Steckel in Gangsters zone.
9:36 of 1st period - Snap shot by Chris Conner.
9:36 of 1st period - Deflect By Alyn McCauley.
9:36 of 1st period - Stopped by Steve Valiquette without a rebound.
9:37 of 1st period - Alyn McCauley wins face-off versus Patric Hornqvist in Gangsters zone.
9:58 of 1st period - Wrist shot by Patric Hornqvist.
9:58 of 1st period - Goal by Patric Hornqvist - Gangsters : 2 - Punishers : 0.
9:59 of 1st period - Dave Bolland wins face-off versus Byron Ritchie in neutral zone.
10:02 of 1st period - Slapshot by Marc-André Bergeron.
10:02 of 1st period - Stopped by Steve Valiquette without a rebound.
10:03 of 1st period - Viktor Stalberg wins face-off versus Byron Ritchie in Gangsters zone.
10:10 of 1st period - Snap shot by Mike Grier.
10:10 of 1st period - Goal by Mike Grier - Gangsters : 2 - Punishers : 1.
10:11 of 1st period - Byron Ritchie wins face-off versus Dave Bolland in neutral zone.
10:20 of 1st period - Slapshot by Marc-André Bergeron.
10:20 of 1st period - Deflect By Byron Ritchie.
10:20 of 1st period - Stopped by Steve Valiquette without a rebound.
10:21 of 1st period - Byron Ritchie wins face-off versus Dave Bolland in Gangsters zone.
10:21 of 1st period - Byron Ritchie is hit by Dave Bolland.
10:35 of 1st period - Slapshot by Byron Ritchie.
10:35 of 1st period - Shot Blocked by Jassen Cullimore.
10:45 of 1st period - Snap shot by Dave Bolland.
10:45 of 1st period - Stopped by Steve Valiquette without a rebound.
10:46 of 1st period - Alyn McCauley wins face-off versus Dave Steckel in Gangsters zone.
11:12 of 1st period - Jimmie Olvestad is hit by Brandon Sutter and loses puck.
12:43 of 1st period - Snap shot by Mike Grier.
12:43 of 1st period - Shot Misses the Net.
13:50 of 1st period - Snap shot by Jimmie Olvestad.
13:50 of 1st period - Shot Blocked by Mike Commodore.
13:50 of 1st period - Mike Commodore from Gangsters is injured at 13:50 of 1st period (Back Spasms).
13:51 of 1st period - Dave Bolland wins face-off versus Dave Steckel in Gangsters zone.
14:20 of 1st period - Off-side.
14:21 of 1st period - Alyn McCauley wins face-off versus Byron Ritchie in neutral zone.
15:09 of 1st period - Minor Penalty to Chris Conner for High sticking.
15:10 of 1st period - Mike Grier wins face-off versus Dave Steckel in Punishers zone.
15:51 of 1st period - Snap shot by Jimmie Olvestad.
15:51 of 1st period - Stopped by Steve Valiquette with a rebound.
15:54 of 1st period - Icing by Alexei Emelin.
15:55 of 1st period - Mike Grier wins face-off versus Dave Steckel in Gangsters zone.
16:02 of 1st period - Patric Hornqvist is hit by Mike Grier and loses puck.
16:47 of 1st period - Mike Grier is hit by Dave Steckel and loses puck.
17:09 of 1st period - Penalty to Chris Conner is over, Chris Conner is back on ice.
19:15 of 1st period - Marc-André Bergeron is hit by Jaroslav Balastik and loses puck.
19:38 of 1st period - Slapshot by Marc-André Bergeron.
19:38 of 1st period - Deflect By Shaun Heska.
19:38 of 1st period - Stopped by Steve Valiquette without a rebound.
19:39 of 1st period - Dave Bolland wins face-off versus Brandon Sutter in Gangsters zone.

2nd period


0:01 of 2nd period - Dave Steckel wins face-off versus Dave Bolland in neutral zone.
1:20 of 2nd period - Minor Penalty to Mike Blunden for Holding.
1:20 of 2nd period - Minor Penalty to Ville Koistinen for Roughing.
1:21 of 2nd period - Patric Hornqvist wins face-off versus Dave Bolland in Gangsters zone.
2:10 of 2nd period - Wrist shot by Alyn McCauley.
2:10 of 2nd period - Shot Blocked by Alexei Emelin.
2:37 of 2nd period - Snap shot by Ryan Keller.
2:37 of 2nd period - Shot Misses the Net.
2:39 of 2nd period - Snap shot by Matt Read.
2:39 of 2nd period - Shot Blocked by Petteri Nokelainen.
2:59 of 2nd period - Stu Bickel is hit by Byron Ritchie and loses puck.
3:06 of 2nd period - Byron Ritchie is hit by Jimmie Olvestad and loses puck.
3:20 of 2nd period - Penalty to Mike Blunden is over, Mike Blunden is back on ice.
3:20 of 2nd period - Penalty to Ville Koistinen is over, Ville Koistinen is back on ice.
3:27 of 2nd period - Snap shot by Petteri Nokelainen.
3:27 of 2nd period - Stopped by Steve Valiquette without a rebound.
3:28 of 2nd period - Petteri Nokelainen wins face-off versus James Van Riemsdyk in Gangsters zone.
3:35 of 2nd period - Adam McQuaid is hit by Staffan Kronwall.
3:42 of 2nd period - Minor Penalty to Kris Chucko for Cross-checking.
3:42 of 2nd period - Minor Penalty to Ryan Keller for Hooking.
3:43 of 2nd period - Dave Bolland wins face-off versus Patric Hornqvist in Gangsters zone.
3:46 of 2nd period - Snap shot by Dave Bolland.
3:46 of 2nd period - Stopped by Steve Valiquette without a rebound.
3:47 of 2nd period - Dave Bolland wins face-off versus Patric Hornqvist in Gangsters zone.
5:12 of 2nd period - Wrist shot by Petteri Nokelainen.
5:12 of 2nd period - Shot Misses the Net.
5:24 of 2nd period - Jaroslav Balastik is hit by Stu Bickel and loses puck.
5:42 of 2nd period - Penalty to Kris Chucko is over, Kris Chucko is back on ice.
5:42 of 2nd period - Penalty to Ryan Keller is over, Ryan Keller is back on ice.
5:46 of 2nd period - Off-side.
5:47 of 2nd period - Alyn McCauley wins face-off versus Artem Anisimov in neutral zone.
5:50 of 2nd period - Snap shot by Jimmie Olvestad.
5:50 of 2nd period - Shot Misses the Net.
5:52 of 2nd period - Snap shot by Jimmie Olvestad.
5:52 of 2nd period - Stopped by Steve Valiquette with a rebound.
5:54 of 2nd period - Snap shot by Jimmie Olvestad.
5:54 of 2nd period - Shot Blocked by Alexei Emelin.
5:56 of 2nd period - Snap shot by Jimmie Olvestad.
5:56 of 2nd period - Shot Misses the Net.
5:58 of 2nd period - Slapshot by Chris Conner.
5:58 of 2nd period - Shot Misses the Net.
6:00 of 2nd period - Wrist shot by Mike Weber.
6:00 of 2nd period - Deflect By Jimmie Olvestad.
6:00 of 2nd period - Shot Blocked by Alexei Emelin.
6:00 of 2nd period - Puck is out of play.
6:01 of 2nd period - Alyn McCauley wins face-off versus Byron Ritchie in Gangsters zone.
6:40 of 2nd period - Jean-Luc Grand-Pierre is hit by Dave Steckel and loses puck.
6:56 of 2nd period - Wrist shot by Matt Read.
6:56 of 2nd period - Stopped by Karri Ramo with a rebound.
6:58 of 2nd period - Slapshot by Brandon Sutter.
6:58 of 2nd period - Stopped by Karri Ramo with a rebound.
7:00 of 2nd period - Slapshot by Ville Koistinen.
7:00 of 2nd period - Stopped by Karri Ramo without a rebound.
7:01 of 2nd period - Alyn McCauley wins face-off versus Byron Ritchie in Punishers zone.
7:01 of 2nd period - Alyn McCauley is hit by Chris Bourque.
7:09 of 2nd period - Slapshot by Marc-André Bergeron.
7:09 of 2nd period - Stopped by Steve Valiquette without a rebound.
7:10 of 2nd period - Byron Ritchie wins face-off versus Alyn McCauley in Gangsters zone.
7:55 of 2nd period - Wrist shot by Staffan Kronwall.
7:55 of 2nd period - Shot Misses the Net.
8:34 of 2nd period - Slapshot by Alyn McCauley.
8:34 of 2nd period - Stopped by Steve Valiquette with a rebound.
8:36 of 2nd period - Snap shot by Jassen Cullimore.
8:36 of 2nd period - Shot Misses the Net.
8:38 of 2nd period - Slapshot by Jassen Cullimore.
8:38 of 2nd period - Deflect By Alyn McCauley.
8:38 of 2nd period - Stopped by Steve Valiquette with a rebound.
8:40 of 2nd period - Wrist shot by Alyn McCauley.
8:40 of 2nd period - Goal by Alyn McCauley - Gangsters : 2 - Punishers : 2.
8:41 of 2nd period - Dave Bolland wins face-off versus Dave Steckel in neutral zone.
9:34 of 2nd period - Ryan White is hit by Alexei Emelin and loses puck.
10:43 of 2nd period - Ryan Keller is hit by Dave Bolland and loses puck.
10:56 of 2nd period - Marc-André Bergeron is hit by Byron Ritchie and loses puck.
11:18 of 2nd period - Snap shot by Nick Foligno.
11:18 of 2nd period - Shot Blocked by Jassen Cullimore.
11:20 of 2nd period - Snap shot by Matt Read.
11:20 of 2nd period - Stopped by Karri Ramo without a rebound.
11:21 of 2nd period - Brandon Sutter wins face-off versus Petteri Nokelainen in Punishers zone.
11:31 of 2nd period - Icing by Ville Koistinen.
11:32 of 2nd period - Brandon Sutter wins face-off versus Dave Bolland in Gangsters zone.
11:58 of 2nd period - Wrist shot by Shaun Heska.
11:58 of 2nd period - Deflect By Patric Hornqvist.
11:58 of 2nd period - Shot Misses the Net.
11:58 of 2nd period - Puck is out of play.
11:59 of 2nd period - Alyn McCauley wins face-off versus Dave Steckel in Punishers zone.
12:08 of 2nd period - Snap shot by Alyn McCauley.
12:08 of 2nd period - Shot Misses the Net.
12:35 of 2nd period - Slapshot by Mike Grier.
12:35 of 2nd period - Goal by Mike Grier - Gangsters : 2 - Punishers : 3.
12:36 of 2nd period - Dave Steckel wins face-off versus Dave Bolland in neutral zone.
12:45 of 2nd period - Wrist shot by Patric Hornqvist.
12:45 of 2nd period - Shot Misses the Net.
13:27 of 2nd period - Wrist shot by Matt Read.
13:27 of 2nd period - Shot Misses the Net.
13:29 of 2nd period - Slapshot by Alexei Emelin.
13:29 of 2nd period - Shot Blocked by Jassen Cullimore.
13:31 of 2nd period - Slapshot by Alexei Emelin.
13:31 of 2nd period - Shot Blocked by Marc-André Bergeron.
14:15 of 2nd period - Wrist shot by Patric Hornqvist.
14:15 of 2nd period - Deflect By Dave Steckel.
14:15 of 2nd period - Shot Blocked by Stu Bickel.
14:15 of 2nd period - Puck is out of play.
14:16 of 2nd period - Dave Bolland wins face-off versus Dave Steckel in Punishers zone.
14:16 of 2nd period - Dave Bolland is hit by Jaroslav Balastik.
14:46 of 2nd period - Wrist shot by Chris Bourque.
14:46 of 2nd period - Shot Blocked by Chris Conner.
14:48 of 2nd period - Slapshot by Ville Koistinen.
14:48 of 2nd period - Deflect By Chris Conner.
14:48 of 2nd period - Stopped by Karri Ramo with a rebound.
14:50 of 2nd period - Snap shot by Byron Ritchie.
14:50 of 2nd period - Stopped by Karri Ramo with a rebound.
14:52 of 2nd period - Backhand shot by Chris Bourque.
14:52 of 2nd period - Shot Misses the Net.
15:10 of 2nd period - Artem Anisimov is hit by Adam Pineault and loses puck.
15:25 of 2nd period - Slapshot by Patric Hornqvist.
15:25 of 2nd period - Stopped by Karri Ramo with a rebound.
15:55 of 2nd period - Snap shot by Kris Chucko.
15:55 of 2nd period - Stopped by Steve Valiquette without a rebound.
15:56 of 2nd period - Dave Steckel wins face-off versus Viktor Stalberg in Gangsters zone.
15:56 of 2nd period - Dave Steckel is hit by Mike Grier.
16:06 of 2nd period - Minor Penalty to Dave Steckel for Hooking.
16:07 of 2nd period - Jimmie Olvestad wins face-off versus Patric Hornqvist in Gangsters zone.
16:08 of 2nd period - Slapshot by Dave Bolland.
16:08 of 2nd period - Shot Blocked by Josh Gorges.
16:10 of 2nd period - Snap shot by Mike Grier.
16:10 of 2nd period - Shot Misses the Net.
16:12 of 2nd period - Wrist shot by Mike Grier.
16:12 of 2nd period - Stopped by Steve Valiquette without a rebound.
16:13 of 2nd period - Patric Hornqvist wins face-off versus Dave Bolland in Gangsters zone.
17:02 of 2nd period - Jean-Luc Grand-Pierre is hit by Chris Bourque and loses puck.
18:06 of 2nd period - Penalty to Dave Steckel is over, Dave Steckel is back on ice.
18:17 of 2nd period - Snap shot by Dave Steckel.
18:17 of 2nd period - Stopped by Karri Ramo with a rebound.
18:19 of 2nd period - Wrist shot by Dave Steckel.
18:19 of 2nd period - Shot Blocked by Marc-André Bergeron.
18:29 of 2nd period - Snap shot by Dave Steckel.
18:29 of 2nd period - Stopped by Karri Ramo without a rebound.
18:30 of 2nd period - Brandon Sutter wins face-off versus Ryan White in Punishers zone.
18:50 of 2nd period - Nick Foligno is hit by Mike Blunden and loses puck.
19:23 of 2nd period - Snap shot by Ryan Keller.
19:23 of 2nd period - Stopped by Karri Ramo with a rebound.

3rd period


0:01 of 3rd period - Dave Bolland wins face-off versus Dave Steckel in neutral zone.
0:06 of 3rd period - Slapshot by Dave Bolland.
0:06 of 3rd period - Shot Blocked by Staffan Kronwall.
0:08 of 3rd period - Slapshot by Jassen Cullimore.
0:08 of 3rd period - Shot Misses the Net.
0:10 of 3rd period - Wrist shot by Dave Bolland.
0:10 of 3rd period - Stopped by Steve Valiquette without a rebound.
0:11 of 3rd period - Dave Bolland wins face-off versus Dave Steckel in Gangsters zone.
0:18 of 3rd period - Snap shot by Dave Bolland.
0:18 of 3rd period - Deflect By Mike Grier.
0:18 of 3rd period - Goal by Mike Grier - Gangsters : 2 - Punishers : 4.
0:19 of 3rd period - Dave Bolland wins face-off versus Dave Steckel in neutral zone.
0:44 of 3rd period - Jimmie Olvestad is hit by Tim Jackman and loses puck.
1:05 of 3rd period - Slapshot by Josh Gorges.
1:05 of 3rd period - Stopped by Karri Ramo with a rebound.
1:07 of 3rd period - Wrist shot by James Van Riemsdyk.
1:07 of 3rd period - Shot Misses the Net.
1:09 of 3rd period - Wrist shot by James Van Riemsdyk.
1:09 of 3rd period - Stopped by Karri Ramo without a rebound.
1:10 of 3rd period - Dave Bolland wins face-off versus Artem Anisimov in Punishers zone.
1:58 of 3rd period - Tim Jackman is hit by Adam Pineault and loses puck.
2:43 of 3rd period - Josh Gorges is hit by Jason Gregoire and loses puck.
3:00 of 3rd period - Snap shot by Dave Steckel.
3:00 of 3rd period - Deflect By Jaroslav Balastik.
3:00 of 3rd period - Stopped by Karri Ramo without a rebound.
3:01 of 3rd period - Dave Steckel wins face-off versus Alyn McCauley in Punishers zone.
3:04 of 3rd period - Slapshot by Jaroslav Balastik.
3:04 of 3rd period - Shot Misses the Net.
3:28 of 3rd period - Slapshot by Alyn McCauley.
3:28 of 3rd period - Stopped by Steve Valiquette with a rebound.
3:30 of 3rd period - Wrist shot by Jimmie Olvestad.
3:30 of 3rd period - Shot Misses the Net.
3:32 of 3rd period - Snap shot by Jimmie Olvestad.
3:32 of 3rd period - Goal by Jimmie Olvestad - Gangsters : 2 - Punishers : 5.
3:33 of 3rd period - Dave Steckel wins face-off versus Dave Bolland in neutral zone.
3:44 of 3rd period - Wrist shot by Jaroslav Balastik.
3:44 of 3rd period - Goal by Jaroslav Balastik - Gangsters : 3 - Punishers : 5.
3:45 of 3rd period - Jaroslav Balastik wins face-off versus Dave Bolland in neutral zone.
3:50 of 3rd period - Wrist shot by Jaroslav Balastik.
3:50 of 3rd period - Stopped by Karri Ramo with a rebound.
3:52 of 3rd period - Slapshot by Josh Gorges.
3:52 of 3rd period - Stopped by Karri Ramo without a rebound.
3:53 of 3rd period - Dave Bolland wins face-off versus Patric Hornqvist in Punishers zone.
3:58 of 3rd period - Patric Hornqvist is hit by Jassen Cullimore and loses puck.
4:35 of 3rd period - Wrist shot by Dave Steckel.
4:35 of 3rd period - Shot Misses the Net.
4:37 of 3rd period - Slapshot by Staffan Kronwall.
4:37 of 3rd period - Shot Misses the Net.
4:39 of 3rd period - Snap shot by Josh Gorges.
4:39 of 3rd period - Shot Misses the Net.
4:49 of 3rd period - Slapshot by Patric Hornqvist.
4:49 of 3rd period - Stopped by Karri Ramo without a rebound.
4:50 of 3rd period - Byron Ritchie wins face-off versus Alyn McCauley in Punishers zone.
4:53 of 3rd period - Snap shot by Chris Bourque.
4:53 of 3rd period - Stopped by Karri Ramo with a rebound.
5:00 of 3rd period - Icing by Jean-Luc Grand-Pierre.
5:01 of 3rd period - Jimmie Olvestad wins face-off versus Byron Ritchie in Punishers zone.
6:07 of 3rd period - Dave Bolland is hit by Jaroslav Balastik.
6:33 of 3rd period - Wrist shot by Byron Ritchie.
6:33 of 3rd period - Deflect By Alyn McCauley.
6:33 of 3rd period - Stopped by Karri Ramo without a rebound.
6:34 of 3rd period - Dave Bolland wins face-off versus Dave Steckel in Punishers zone.
6:46 of 3rd period - Snap shot by Patric Hornqvist.
6:46 of 3rd period - Stopped by Karri Ramo with a rebound.
6:48 of 3rd period - Wrist shot by Patric Hornqvist.
6:48 of 3rd period - Shot Blocked by Jassen Cullimore.
6:50 of 3rd period - Snap shot by Shaun Heska.
6:50 of 3rd period - Shot Blocked by Jassen Cullimore.
7:02 of 3rd period - James Van Riemsdyk is hit by Alyn McCauley and loses puck.
7:07 of 3rd period - Wrist shot by Jimmie Olvestad.
7:07 of 3rd period - Shot Misses the Net.
7:09 of 3rd period - Slapshot by Jassen Cullimore.
7:09 of 3rd period - Shot Misses the Net.
7:11 of 3rd period - Slapshot by Marc-André Bergeron.
7:11 of 3rd period - Shot Misses the Net.
7:13 of 3rd period - Snap shot by Jimmie Olvestad.
7:13 of 3rd period - Stopped by Steve Valiquette without a rebound.
7:14 of 3rd period - Dave Steckel wins face-off versus Kris Chucko in Gangsters zone.
7:14 of 3rd period - Dave Steckel is hit by Jean-Luc Grand-Pierre.
8:20 of 3rd period - Matt Read is hit by Marc-André Bergeron.
8:26 of 3rd period - Slapshot by Josh Gorges.
8:26 of 3rd period - Stopped by Karri Ramo without a rebound.
8:27 of 3rd period - Ryan White wins face-off versus Dave Steckel in Punishers zone.
8:44 of 3rd period - Snap shot by Ryan White.
8:44 of 3rd period - Stopped by Steve Valiquette with a rebound.
8:46 of 3rd period - Slapshot by Adam McQuaid.
8:46 of 3rd period - Stopped by Steve Valiquette with a rebound.
8:48 of 3rd period - Slapshot by Ryan White.
8:48 of 3rd period - Shot Misses the Net.
8:52 of 3rd period - Wrist shot by Jassen Cullimore.
8:52 of 3rd period - Stopped by Steve Valiquette with a rebound.
8:54 of 3rd period - Backhand shot by Jassen Cullimore.
8:54 of 3rd period - Shot Blocked by Shaun Heska.
8:56 of 3rd period - Wrist shot by Mike Blunden.
8:56 of 3rd period - Shot Misses the Net.
8:58 of 3rd period - Slapshot by Marc-André Bergeron.
8:58 of 3rd period - Deflect By Alexei Emelin.
8:58 of 3rd period - Stopped by Steve Valiquette without a rebound.
8:59 of 3rd period - Byron Ritchie wins face-off versus Dave Bolland in Gangsters zone.
8:59 of 3rd period - Byron Ritchie is hit by Dave Bolland.
9:05 of 3rd period - Jassen Cullimore is hit by Tim Jackman and loses puck.
9:26 of 3rd period - Josh Gorges is hit by Kris Chucko and loses puck.
9:33 of 3rd period - Slapshot by Ville Koistinen.
9:33 of 3rd period - Stopped by Karri Ramo with a rebound.
9:35 of 3rd period - Wrist shot by Artem Anisimov.
9:35 of 3rd period - Goal by Artem Anisimov - Gangsters : 4 - Punishers : 5.
9:36 of 3rd period - Dave Bolland wins face-off versus Dave Steckel in neutral zone.
10:01 of 3rd period - Jassen Cullimore is hit by Staffan Kronwall.
10:57 of 3rd period - Icing by Mike Blunden.
10:58 of 3rd period - Ryan White wins face-off versus Byron Ritchie in Punishers zone.
11:13 of 3rd period - Snap shot by Mike Blunden.
11:13 of 3rd period - Stopped by Steve Valiquette with a rebound.
11:15 of 3rd period - Slapshot by Jean-Luc Grand-Pierre.
11:15 of 3rd period - Stopped by Steve Valiquette with a rebound.
11:17 of 3rd period - Wrist shot by Ryan White.
11:17 of 3rd period - Stopped by Steve Valiquette with a rebound.
11:19 of 3rd period - Slapshot by Stu Bickel.
11:19 of 3rd period - Deflect By Ryan White.
11:19 of 3rd period - Deflect By Chris Bourque.
11:19 of 3rd period - Shot Blocked by Chris Bourque.
11:19 of 3rd period - Puck is out of play.
11:20 of 3rd period - Dave Steckel wins face-off versus Dave Bolland in Gangsters zone.
11:33 of 3rd period - Wrist shot by Dave Bolland.
11:33 of 3rd period - Goal by Dave Bolland - Gangsters : 4 - Punishers : 6.
11:34 of 3rd period - Dave Bolland wins face-off versus Dave Steckel in neutral zone.
11:41 of 3rd period - Snap shot by Dave Bolland.
11:41 of 3rd period - Shot Blocked by Dave Steckel.
11:45 of 3rd period - Wrist shot by Dave Bolland.
11:45 of 3rd period - Shot Misses the Net.
11:47 of 3rd period - Snap shot by Dave Bolland.
11:47 of 3rd period - Stopped by Steve Valiquette with a rebound.
11:49 of 3rd period - Snap shot by Viktor Stalberg.
11:49 of 3rd period - Stopped by Steve Valiquette with a rebound.
11:59 of 3rd period - Chris Conner is hit by Byron Ritchie and loses puck.
12:06 of 3rd period - Wrist shot by Chris Bourque.
12:06 of 3rd period - Stopped by Karri Ramo with a rebound.
12:28 of 3rd period - Wrist shot by Ryan Keller.
12:28 of 3rd period - Goal by Ryan Keller - Gangsters : 5 - Punishers : 6.
12:29 of 3rd period - Dave Steckel wins face-off versus Dave Bolland in neutral zone.
12:36 of 3rd period - Snap shot by Jassen Cullimore.
12:36 of 3rd period - Deflect By Viktor Stalberg.
12:36 of 3rd period - Shot Misses the Net.
12:36 of 3rd period - Puck is out of play.
12:37 of 3rd period - Dave Bolland wins face-off versus Dave Steckel in Gangsters zone.
13:03 of 3rd period - Dave Steckel is hit by Jassen Cullimore and loses puck.
13:15 of 3rd period - Off-side.
13:16 of 3rd period - Alyn McCauley wins face-off versus Byron Ritchie in neutral zone.
13:23 of 3rd period - Snap shot by Jimmie Olvestad.
13:23 of 3rd period - Deflect By Tim Jackman.
13:23 of 3rd period - Goal by Jimmie Olvestad - Gangsters : 5 - Punishers : 7.
13:24 of 3rd period - Dave Bolland wins face-off versus Dave Steckel in neutral zone.
13:57 of 3rd period - Wrist shot by Byron Ritchie.
13:57 of 3rd period - Stopped by Karri Ramo without a rebound.
13:58 of 3rd period - Chris Conner wins face-off versus Dave Steckel in Punishers zone.
13:58 of 3rd period - Chris Conner is hit by Ville Koistinen.
14:24 of 3rd period - Wrist shot by Viktor Stalberg.
14:24 of 3rd period - Stopped by Steve Valiquette with a rebound.
14:38 of 3rd period - Minor Penalty to Viktor Stalberg for Hooking.
14:39 of 3rd period - Dave Steckel wins face-off versus Mike Grier in Punishers zone.
14:42 of 3rd period - Wrist shot by Dave Steckel.
14:42 of 3rd period - Stopped by Karri Ramo without a rebound.
14:43 of 3rd period - Mike Grier wins face-off versus Dave Steckel in Punishers zone.
15:08 of 3rd period - Slapshot by Chris Bourque.
15:08 of 3rd period - Shot Misses the Net.
15:24 of 3rd period - Snap shot by Chris Conner.
15:24 of 3rd period - Stopped by Steve Valiquette with a rebound.
16:38 of 3rd period - Penalty to Viktor Stalberg is over, Viktor Stalberg is back on ice.
17:08 of 3rd period - Mike Weber is hit by Alexei Emelin and loses puck.
17:19 of 3rd period - Slapshot by Matt Read.
17:19 of 3rd period - Stopped by Karri Ramo without a rebound.
17:20 of 3rd period - Byron Ritchie wins face-off versus Ryan White in Punishers zone.
17:33 of 3rd period - Wrist shot by Mike Blunden.
17:33 of 3rd period - Shot Misses the Net.
17:56 of 3rd period - Minor Penalty to Shaun Heska for Holding.
17:57 of 3rd period - Dave Bolland wins face-off versus Patric Hornqvist in Gangsters zone.
18:02 of 3rd period - Snap shot by Mike Grier.
18:02 of 3rd period - Stopped by Steve Valiquette with a rebound.
18:22 of 3rd period - Staffan Kronwall is hit by Alyn McCauley and loses puck.
18:58 of 3rd period - Jaroslav Balastik is hit by Jimmie Olvestad.
19:56 of 3rd period - Penalty to Shaun Heska is over, Shaun Heska is back on ice.


Output by the SimonT Hockey Simulator (STHS) for François Prévost -- Original Page W3C XHTML 1.0 Valid
Hockey Simulator - Hockey Simulation - Hockey Manager